 Dungeon Crawl Stone Soup version 0.27-a0-1245-g940ed4fa31 (webtiles) character file.

Game seed: 8055109389328867047

74 robertstho the Shooter (level 4, -2/37 HPs)
             Began as a Hill Orc Hunter on June 9, 2021.
             Slain by Terence
             ... wielding a +0 hand axe
              (4 damage)
             ... on level 2 of the Dungeon.
             The game lasted 00:01:51 (1517 turns).

robertstho the Shooter (Hill Orc Hunter)            Turns: 1517, Time: 00:01:52

Health: -2/37      AC:  3    Str: 15    XL:     4   Next: 30%
Magic:  4/4        EV: 11    Int: 11    God:
Gold:   30         SH:  0    Dex: 11    Spells: 3/3 levels left

rFire    . . .     SeeInvis .   b - +0 short sword
rCold    . . .     Faith    .   (no shield)
rNeg     . . .     Spirit   .   c - +0 leather armour
rPois    .         Reflect  .   (no helmet)
rElec    .         Harm     .   (no cloak)
rCorr    .         Rampage  .   (no gloves)
Will     .....                  (no boots)
Stlth    +.........             (no amulet)
HPRegen  0.12/turn              (no ring)
MPRegen  0.09/turn              (no ring)

@: no status effects
A: no striking features
a: no special abilities


You were on level 2 of the Dungeon.
You visited 1 branch of the dungeon, and saw 2 of its levels.

You collected 30 gold pieces.

Inventory:

Hand Weapons
 a - a +1 shortbow
 b - a +0 short sword (weapon)
Armour
 c - a +0 leather armour (worn)
Scrolls
 f - a scroll of identify


   Skills:
 * Level 2.6 Fighting
 * Level 4.8 Bows
 + Level 0.2 Armour
 + Level 1.6 Dodging
 + Level 1.5 Stealth


You had 3 spell levels left.
You didn't know any spells.
Your spell library was empty.

Dungeon Overview and Level Annotations

Branches:
Dungeon (2/15)

Altars:

Shops:
D:2 [

Annotations:
D:2 Jessica, Terence


Message History

Jessica the Apprentice Sorceress comes into view.
She is wielding a +0 club.
Found a stone staircase leading down.
There is an open door here.
Okay, then.
You feel better. Terence hits you with a +0 hand axe.
Okay, then.
Fire: 3 arrows
Press: ? - help, Q - select action Shift-Dir - straight line, f - Terence
Aim: Terence, wielding a +0 hand axe and wearing a +0 chain mail (moderately wounded, 68% to hit)
You shoot an arrow. The arrow closely misses Terence.
Terence hits you with a +0 hand axe.
Jessica gestures wildly.
Fire: 2 arrows
Press: ? - help, Q - select action Shift-Dir - straight line, f/p - Terence
Aim: Terence, wielding a +0 hand axe and wearing a +0 chain mail (moderately wounded, 68% to hit)
You shoot an arrow.
The arrow hits Terence but does no damage.
Terence is moderately wounded.
Terence misses you. Jessica hits you with a +0 club.
* * * LOW HITPOINT WARNING * * *
Fire: arrow
Press: ? - help, Q - select action Shift-Dir - straight line, f/p - Terence
Aim: Terence, wielding a +0 hand axe and wearing a +0 chain mail (moderately wounded, 68% to hit)
You shoot an arrow. The arrow hits Terence.
Terence is moderately wounded.
Terence hits you with a +0 hand axe.
* * * LOW HITPOINT WARNING * * *
Jessica hits you with a +0 club.
* * * LOW HITPOINT WARNING * * *
Unknown command.
Unknown command.
Unknown command.
Unknown command.
b - a +0 short sword (weapon)
Terence closely misses you. Jessica misses you.
You hit Terence.
Terence is moderately wounded.
Terence says, "How do you enjoy it?" Terence hits you with a +0 hand axe.
You die...

....##(##...... ..+
..+...#...88≈ ..#
#...#.##### #>#
#.(.#.# # #.# #...#.#
# #.# #...#.# #
########.# #####.#
#......#@# #.#
#......#@# #.#
##......#@# #.#
#.......'(##########.#
#.......###..........#
#.......# #.##########
#.......# #.# #
#.......# #.# #
#.......# #.# ##
#.......# #.# #≈


You could see Terence and Jessica.

Vanquished Creatures
  Natasha (D:2)
  A gnoll (D:1)
  An adder (D:2)
  A worm (D:2)
  2 dart slugs (D:1)
  5 endoplasms
  3 giant cockroaches
  A goblin (D:1)
  3 hobgoblins
  A quokka (D:1)
  A ball python (D:2)
  2 bats
  A frilled lizard (D:2)
  A rat (D:1)
24 creatures vanquished.

Notes
Turn   | Place    | Note
-------+----------+-------------------------------------------
     0 | D:1      | robertstho the Hill Orc Hunter began the quest for the Orb.
     0 | D:1      | Reached XP level 1. HP: 18/18 MP: 1/1
   245 | D:1      | Reached skill level 4 in Bows
   245 | D:1      | Reached XP level 2. HP: 25/25 MP: 2/2
   448 | D:1      | Reached XP level 3. HP: 30/30 MP: 3/3
   876 | D:2      | Found Muklut's Antique Armour Shoppe.
  1290 | D:2      | Noticed Natasha
  1300 | D:2      | Killed Natasha
  1301 | D:2      | Reached skill level 1 in Stealth
  1301 | D:2      | Reached XP level 4. HP: 23/37 MP: 4/4
  1429 | D:2      | Noticed Terence
  1509 | D:2      | Noticed Jessica
  1517 | D:2      | Slain by Terence

Illustrated notes

Levels and vault maps discovered:
D:1:      noname_arrival_rooms_in_the_neighbourhood, layout_basic
D:2:      wander_river, layout_basic, serial_shops, shop,
          hangedman_decor_growths, uniq_robin, uniq_terence, uniq_natasha,
          uniq_jessica

Skill      XL: |  1  2  3 |
---------------+----------+-----
Bows           | 4 |  4.8
Stealth        | 1 |  1.5
Fighting       | |  2.6
Armour         | |  0.2
Dodging        | |  1.6

Action                   |  1- 3 |  4- 6 || total
-------------------------+-------+-------++-------
Melee: Short sword       |       |     1 ||     1
 Fire: Shortbow          |    55 |    14 ||    69
  Use: Scroll            |       |     1 ||     1
       Potion            |       |     1 ||     1
Armor: Leather armour    |     2 |       ||     2
Dodge: Dodged            |    13 |     9 ||    22

Table legend: (Time is in decaauts)
 A = Elapsed time spent in this place.
 B = Non-inter-level travel time spent in this place.
 C = Inter-level travel time spent in this place.
 D = Time resting spent in this place.
 E = Time spent auto-exploring this place.
 F = Levels seen in this place.
 G = Mean time per level.
                   A        B        C        D        E       F      G
               +--------+--------+--------+--------+--------+-----+--------+
         Total |   1566 |   1562 |      4 |      0 |   1374 |   2 |  783.0 |
       Dungeon |   1566 |   1562 |      4 |      0 |   1374 |   2 |  783.0 |
               +--------+--------+--------+--------+--------+-----+--------+

Top non-repeatable levels by time:
     D:2: 814 daAuts
     D:1: 751 daAuts
